Flames vs Predators

Created - March 24, 2015 at 19:14

Goals
1 2 3 OT1 SO T
Flames 2 1 1 0 0 4
Predators 1 1 2 0 1 5
Shots
1 2 3 OT1 SO T
Flames 12 8 7 1 3 28
Predators 14 14 14 0 3 42

1st period

1. Flames , Ryan Kesler 29 (Justin Faulk) at 1:07
2. Flames , Mike Cammalleri 26 (Erik Johnson, Patrik Elias) at 8:32
3. Predators , Roman Josi 12 (Jaden Schwartz, Steven Stamkos) at 13:04 (PP)

Penalties :
Kyle Clifford (CGY) for Holding (Minor) at 1:24, Patrick Dwyer (CGY) for Roughing (Minor) at 12:34, Nikita Zadorov (NSH) for Tripping (Minor) at 15:36, Dustin Brown (CGY) for Tripping (Minor) at 17:34

2nd period

4. Flames , Erik Johnson 20 (Anze Kopitar) at 1:48 (PP)
5. Predators , Nicklas Backstrom 28 (Max Pacioretty, Jaden Schwartz) at 7:25

Penalties :
Nicklas Backstrom (NSH) for Roughing (Minor) at 0:45, Erik Johnson (CGY) for High sticking (Minor) at 10:29, Erik Johnson (CGY) for Hooking (Minor) at 13:43

3rd period

6. Predators , Artem Anisimov 24 (Steven Stamkos, Zach Bogosian) at 1:16
7. Flames , Mike Cammalleri 27 (Dustin Brown, Patrik Elias) at 3:21
8. Predators , Artem Anisimov 25 (Max Pacioretty, Anton Stralman) at 5:33 (PP)

Penalties :
Ladislav Smid (CGY) for Unsportsmanlike conduct (Major / Game Misconduct) at 4:43, Casey Cizikas (NSH) for Boarding (Minor) at 12:19

Overtime #1

No Goal

Penalties :
No Penalty

Shootout

Penalty Shot by Tomas Kopecky for Flames - Shot Misses the Net
Penalty Shot by Valtteri Filppula for Predators - Stopped by Jonathan Quick
Penalty Shot by Kyle Clifford for Flames - Shot Misses the Net
Penalty Shot by Max Pacioretty for Predators - Stopped by Jonathan Quick
Penalty Shot by Patrick Dwyer for Flames - Stopped by Anton Khudobin
Penalty Shot by Nicklas Backstrom for Predators - Goal!

Penalties :
No Penalty

Goalie Stats

Jonathan Quick (CGY), 38 saves from 42 shots - (0.905), OTL, 27-27-4, 65:00 minutes
Anton Khudobin (NSH), 24 saves from 28 shots - (0.857), W, 39-12-4, 65:00 minutes

Players Stats for Flames

Player Name              G  A  P  +/- PIM S  H  SB GA TA FO     MP     PP MP  PK MP  
------------------------------------------------------------------------------------
Alex Tanguay             0  0  0   0  0   0  1  1  0  0  2/14   21:04   2:24   6:33 
Andrew MacDonald         0  0  0   0  0   0  2  2  0  0  0/0     9:31   0:00   0:00 
Anze Kopitar             0  1  1   0  0   5  3  1  0  0  16/32  26:20   2:08   6:51 
Barret Jackman           0  0  0   0  0   0  0  0  0  0  0/0     3:15   0:00   0:00 
Dustin Brown             0  1  1   1  2   2  1  0  0  0  0/0    20:20   2:35   0:00 
Erik Johnson             1  1  2   0  4   4  4  2  0  0  0/0    25:31   1:57   4:48 
Jack Johnson             0  0  0   1  0   2  2  2  0  0  0/0    25:26   3:03   7:21 
Jared Spurgeon           0  0  0   0  0   0  4  3  0  0  0/0    26:48   1:57   6:03 
Justin Faulk             0  1  1   1  0   0  0  2  0  0  0/0    25:26   3:03   7:21 
Kyle Clifford            0  0  0   0  2   0  0  0  0  0  2/5    13:37   2:36   1:43 
Ladislav Smid            0  0  0   0  15  0  1  0  0  0  0/0     7:27   0:00   1:15 
Mike Cammalleri          2  0  2   1  0   7  0  0  0  0  0/0    17:45   0:00   0:00 
Patrick Dwyer            0  0  0   0  2   0  1  0  0  0  0/7    26:30   2:24   5:29 
Patrik Elias             0  2  2   1  0   5  0  0  0  0  11/26  18:42   0:00   0:03 
Paul Ranger              0  0  0   0  0   0  0  0  0  0  0/0     0:00   0:00   0:00 
Ryan Kesler              1  0  1   0  0   2  4  0  0  0  0/1    15:04   0:16   0:43 
Thomas Hickey            0  0  0   0  0   0  0  0  0  0  0/0     6:33   0:00   0:00 
Tomas Kopecky            0  0  0   0  0   1  0  0  0  0  3/9    17:10   2:36   5:26 

Players Stats for Predators

Player Name              G  A  P  +/- PIM S  H  SB GA TA FO     MP     PP MP  PK MP  
------------------------------------------------------------------------------------
Anton Stralman           0  1  1  -1  0   2  0  0  0  0  0/0    22:08   6:12   0:00 
Artem Anisimov           2  0  2  -1  0   6  0  0  0  0  3/3    19:41   6:46   0:22 
Brandon Prust            0  0  0   0  0   0  0  1  0  0  0/0     8:44   0:10   0:22 
Casey Cizikas            0  0  0   0  2   0  1  0  0  0  5/12   11:27   0:00   2:36 
Cody Franson             0  0  0  -1  0   0  4  1  0  0  0/0    20:44   0:00   2:05 
Derick Brassard          0  0  0  -1  0   2  1  0  0  0  0/1    14:53   3:34   0:15 
Jaden Schwartz           0  2  2   1  0   2  0  0  0  0  0/0    20:22   7:01   2:55 
Jordie Benn              0  0  0   0  0   0  2  1  0  0  0/0    14:55   0:00   2:02 
Justin Abdelkader        0  0  0   0  0   2  1  0  0  0  0/0     9:53   0:38   1:03 
Max Pacioretty           0  2  2   1  0   6  0  0  0  0  2/3    27:07   7:30   0:00 
Nicklas Backstrom        1  0  1   1  2   4  1  0  0  0  18/25  18:24   6:38   0:00 
Nikita Zadorov           0  0  0   0  2   2  1  0  0  0  0/0    13:37   0:00   0:00 
Patrik Berglund          0  0  0  -1  0   0  1  0  0  0  0/0    11:04   0:00   0:00 
Roman Josi               1  0  1   0  0   4  0  2  0  0  0/0    26:39   7:12   2:55 
Steven Stamkos           0  2  2  -1  0   6  0  0  0  0  13/21  22:05   7:12   0:00 
T.J. Oshie               0  0  0  -2  0   0  0  0  0  0  1/1     4:26   1:09   0:00 
Valtteri Filppula        0  0  0   0  0   1  1  0  0  0  18/28  24:03   6:46   2:27 
Zach Bogosian            0  1  1   0  0   5  2  1  0  0  0/0    24:44   6:12   2:58 

3 Stars

1 - Mike Cammalleri (CGY)
2 - Artem Anisimov (NSH)
3 - Ryan Kesler (CGY)

Power Play

Flames - 1 on 3 Attempt(s) - 33.33%
Predators - 2 on 7 Attempt(s) - 28.57%

Penalty Kill

Flames - 5 on 7 Attempt(s) - 71.43% - Score 0 goal in Penalty Kill
Predators - 2 on 3 Attempt(s) - 66.67% - Score 0 goal in Penalty Kill

Team Stat

Flames - Hits : 23 - Faceoff Wins : 34 - Blocked Shots : 13 - Penalty Minutes : 25
Predators - Hits : 15 - Faceoff Wins : 60 - Blocked Shots : 6 - Penalty Minutes : 6

Official

Referees : Justin StPierre and Trevor Hanson
Linesman : Pierre Champoux and Matt MacPherson

Game Notes

T.J. Oshie is injured at 13:45 of 1st period (Strained Left Elbow)
Ladislav Smid ejected from game at 4:43 of 3rd period

Finance

Level 1 -- Attendance: 4195 (64.54%) -- Ticket Income $503,400
Level 2 -- Attendance: 4020 (80.40%) -- Ticket Income $321,600
Level 3 -- Attendance: 3018 (86.23%) -- Ticket Income $150,900
Level 4 -- Attendance: 1113 (100.00%) -- Ticket Income $46,746
Luxury Box -- Attendance: 913 (91.30%) -- Ticket Income $168,905
Game was played at the Bridgestone Arena'
Total Attendance: 13259 (77.48%)
Total Ticket Income: $1,191,551
Other Income: $178,733
Total Income: $1,370,284

% Time on Ice - Flames

Lines # - Real PCT - Wanted PCT - Time Play
Normal Forward
1 - 23% - 35% - 9:45
2 - 43% - 35% - 17:45
3 - 16% - 15% - 6:36
4 - 18% - 15% - 7:29
Normal Defense
1 - 40% - 40% - 16:43
2 - 30% - 30% - 12:39
3 - 22% - 20% - 8:58
4 - 8% - 10% - 3:15
PP Forward
1 - 48% - 50% - 2:24
2 - 52% - 50% - 2:36
PP Defense
1 - 39% - 50% - 1:57
2 - 61% - 50% - 3:03
PK Forward
1 - 49% - 50% - 6:33
2 - 51% - 50% - 6:51
PK Defense
1 - 45% - 50% - 6:03
2 - 55% - 50% - 7:21
PK3 Forward
1 - 0% - 50%
2 - 0% - 50%
PK3 Defense
1 - 0% - 50%
2 - 0% - 50%
44 Forward
1 - 47% - 50% - 2:22
2 - 53% - 50% - 2:39
44 Defense
1 - 52% - 50% - 2:38
2 - 48% - 50% - 2:23
Last Minute Offensive  - 0:00
Last Minute Defensive  - 0:00
Total
Forward - 65:00
Defense - 65:00

% Time on Ice - Predators

Lines # - Real PCT - Wanted PCT - Time Play
Normal Forward
1 - 23% - 33% - 9:46
2 - 30% - 33% - 12:33
3 - 27% - 26% - 11:04
4 - 20% - 8% - 8:12
Normal Defense
1 - 34% - 33% - 14:05
2 - 33% - 32% - 13:34
3 - 28% - 25% - 11:39
4 - 5% - 10% - 2:17
PP Forward
1 - 50% - 64% - 6:38
2 - 50% - 36% - 6:46
PP Defense
1 - 54% - 60% - 7:12
2 - 46% - 40% - 6:12
PK Forward
1 - 93% - 60% - 4:38
2 - 7% - 40% - 0:22
PK Defense
1 - 42% - 60% - 2:05
2 - 58% - 40% - 2:55
PK3 Forward
1 - 0% - 60%
2 - 0% - 40%
PK3 Defense
1 - 0% - 60%
2 - 0% - 40%
44 Forward
1 - 60% - 60% - 3:00
2 - 40% - 40% - 2:01
44 Defense
1 - 60% - 60% - 3:01
2 - 40% - 40% - 2:00
Last Minute Offensive  - 0:00
Last Minute Defensive  - 0:00
Total
Forward - 65:00
Defense - 65:00

Play by Play

1st period


0:01 of 1st period - Nicklas Backstrom wins face-off versus Anze Kopitar in neutral zone.
0:20 of 1st period - Shot by Nicklas Backstrom.
0:20 of 1st period - Stopped by Jonathan Quick without a rebound.
0:21 of 1st period - Steven Stamkos wins face-off versus Patrik Elias in Flames zone.
0:24 of 1st period - Shot by Zach Bogosian.
0:24 of 1st period - Stopped by Jonathan Quick without a rebound.
0:25 of 1st period - Valtteri Filppula wins face-off versus Patrik Elias in Flames zone.
0:52 of 1st period - Shot by Patrik Elias.
0:52 of 1st period - Shot Misses the Net.
0:58 of 1st period - Shot by Dustin Brown.
0:58 of 1st period - Stopped by Anton Khudobin without a rebound.
0:59 of 1st period - Steven Stamkos wins face-off versus Patrick Dwyer in Predators zone.
0:59 of 1st period - Steven Stamkos is hit by Ryan Kesler.
1:07 of 1st period - Shot by Ryan Kesler.
1:07 of 1st period - Goal by Ryan Kesler - Flames : 1 - Predators : 0.
1:08 of 1st period - Anze Kopitar wins face-off versus Steven Stamkos in neutral zone.
1:24 of 1st period - Minor Penalty to Kyle Clifford for Holding.
1:25 of 1st period - Nicklas Backstrom wins face-off versus Alex Tanguay in Flames zone.
1:38 of 1st period - Shot by Steven Stamkos.
1:38 of 1st period - Shot Blocked by Jared Spurgeon.
2:10 of 1st period - Shot by Roman Josi.
2:10 of 1st period - Shot Misses the Net.
2:24 of 1st period - Shot by Zach Bogosian.
2:24 of 1st period - Stopped by Jonathan Quick with a rebound.
2:38 of 1st period - Shot by Zach Bogosian.
2:38 of 1st period - Shot Blocked by Justin Faulk.
2:40 of 1st period - Shot by Anton Stralman.
2:40 of 1st period - Shot Misses the Net.
2:42 of 1st period - Shot by Anton Stralman.
2:42 of 1st period - Shot Misses the Net.
3:10 of 1st period - Icing by Zach Bogosian.
3:11 of 1st period - Valtteri Filppula wins face-off versus Alex Tanguay in Predators zone.
3:29 of 1st period - Icing by Roman Josi.
3:30 of 1st period - Casey Cizikas wins face-off versus Patrik Elias in Predators zone.
3:55 of 1st period - Shot by Patrik Elias.
3:55 of 1st period - Shot Misses the Net.
3:57 of 1st period - Shot by Erik Johnson.
3:57 of 1st period - Stopped by Anton Khudobin with a rebound.
4:05 of 1st period - Shot by Mike Cammalleri.
4:05 of 1st period - Deflect By Patrik Elias.
4:05 of 1st period - Shot Blocked by Brandon Prust.
4:22 of 1st period - Icing by Roman Josi.
4:23 of 1st period - Anze Kopitar wins face-off versus Casey Cizikas in Predators zone.
4:46 of 1st period - Shot by Anze Kopitar.
4:46 of 1st period - Stopped by Anton Khudobin without a rebound.
4:47 of 1st period - Steven Stamkos wins face-off versus Patrick Dwyer in Predators zone.
4:47 of 1st period - Steven Stamkos is hit by Ryan Kesler.
5:55 of 1st period - Shot by Max Pacioretty.
5:55 of 1st period - Shot Blocked by Andrew MacDonald.
6:21 of 1st period - Shot by Dustin Brown.
6:21 of 1st period - Stopped by Anton Khudobin without a rebound.
6:22 of 1st period - Patrik Elias wins face-off versus Valtteri Filppula in Predators zone.
6:50 of 1st period - Shot by Dustin Brown.
6:50 of 1st period - Shot Misses the Net.
6:52 of 1st period - Shot by Patrik Elias.
6:52 of 1st period - Stopped by Anton Khudobin without a rebound.
6:53 of 1st period - T.J. Oshie wins face-off versus Anze Kopitar in Predators zone.
7:01 of 1st period - Icing by Justin Faulk.
7:02 of 1st period - Nicklas Backstrom wins face-off versus Anze Kopitar in Flames zone.
8:32 of 1st period - Shot by Mike Cammalleri.
8:32 of 1st period - Goal by Mike Cammalleri - Flames : 2 - Predators : 0.
8:33 of 1st period - Valtteri Filppula wins face-off versus Alex Tanguay in neutral zone.
8:50 of 1st period - Shot by Derick Brassard.
8:50 of 1st period - Shot Misses the Net.
9:03 of 1st period - Anze Kopitar is hit by Cody Franson and loses puck.
9:35 of 1st period - Icing by Barret Jackman.
9:36 of 1st period - Anze Kopitar wins face-off versus Steven Stamkos in Flames zone.
10:39 of 1st period - Shot by Nicklas Backstrom.
10:39 of 1st period - Shot Hit the Post.
10:41 of 1st period - Shot by Jaden Schwartz.
10:41 of 1st period - Shot Misses the Net.
10:43 of 1st period - Shot by Nikita Zadorov.
10:43 of 1st period - Stopped by Jonathan Quick without a rebound.
10:44 of 1st period - Kyle Clifford wins face-off versus Casey Cizikas in Flames zone.
10:48 of 1st period - Off-side.
10:49 of 1st period - Nicklas Backstrom wins face-off versus Patrick Dwyer in neutral zone.
10:54 of 1st period - Max Pacioretty is hit by Ryan Kesler and loses puck.
11:05 of 1st period - Shot by Max Pacioretty.
11:05 of 1st period - Stopped by Jonathan Quick with a rebound.
11:07 of 1st period - Shot by Zach Bogosian.
11:07 of 1st period - Stopped by Jonathan Quick without a rebound.
11:08 of 1st period - Artem Anisimov wins face-off versus Anze Kopitar in Flames zone.
11:26 of 1st period - Shot by Steven Stamkos.
11:26 of 1st period - Stopped by Jonathan Quick without a rebound.
11:27 of 1st period - Valtteri Filppula wins face-off versus Patrik Elias in Flames zone.
11:39 of 1st period - Icing by Erik Johnson.
11:40 of 1st period - Nicklas Backstrom wins face-off versus Patrik Elias in Flames zone.
12:07 of 1st period - Shot by Nicklas Backstrom.
12:07 of 1st period - Stopped by Jonathan Quick without a rebound.
12:08 of 1st period - Valtteri Filppula wins face-off versus Anze Kopitar in Flames zone.
12:09 of 1st period - Shot by Derick Brassard.
12:09 of 1st period - Shot Misses the Net.
12:21 of 1st period - Icing by Anton Stralman.
12:22 of 1st period - Anze Kopitar wins face-off versus Derick Brassard in Predators zone.
12:33 of 1st period - Shot by Anze Kopitar.
12:33 of 1st period - Stopped by Anton Khudobin without a rebound.
12:34 of 1st period - Steven Stamkos wins face-off versus Anze Kopitar in Predators zone.
12:34 of 1st period - Minor Penalty to Patrick Dwyer for Roughing.
12:35 of 1st period - Nicklas Backstrom wins face-off versus Alex Tanguay in Flames zone.
13:02 of 1st period - Shot by Jaden Schwartz.
13:02 of 1st period - Shot Misses the Net.
13:04 of 1st period - Shot by Roman Josi.
13:04 of 1st period - Goal by Roman Josi - Flames : 2 - Predators : 1.
13:05 of 1st period - Patrik Elias wins face-off versus Valtteri Filppula in neutral zone.
13:23 of 1st period - Patrik Berglund is hit by Jared Spurgeon.
13:38 of 1st period - Shot by Derick Brassard.
13:38 of 1st period - Stopped by Jonathan Quick without a rebound.
13:39 of 1st period - Anze Kopitar wins face-off versus Steven Stamkos in Flames zone.
13:44 of 1st period - T.J. Oshie is hit by Patrick Dwyer and loses puck.
13:45 of 1st period - T.J. Oshie from Predators is injured at 13:45 of 1st period (Strained Left Elbow).
13:46 of 1st period - Steven Stamkos wins face-off versus Anze Kopitar in Predators zone.
13:48 of 1st period - Icing by Max Pacioretty.
13:49 of 1st period - Anze Kopitar wins face-off versus Steven Stamkos in Predators zone.
13:56 of 1st period - Shot by Anze Kopitar.
13:56 of 1st period - Shot Blocked by Roman Josi.
13:58 of 1st period - Shot by Anze Kopitar.
13:58 of 1st period - Shot Misses the Net.
14:08 of 1st period - Shot by Steven Stamkos.
14:08 of 1st period - Stopped by Jonathan Quick without a rebound.
14:09 of 1st period - Valtteri Filppula wins face-off versus Patrik Elias in Flames zone.
14:11 of 1st period - Derick Brassard is hit by Erik Johnson.
14:33 of 1st period - Icing by Jared Spurgeon.
14:34 of 1st period - Nicklas Backstrom wins face-off versus Patrik Elias in Flames zone.
14:54 of 1st period - Off-side.
14:55 of 1st period - Steven Stamkos wins face-off versus Anze Kopitar in neutral zone.
15:36 of 1st period - Minor Penalty to Nikita Zadorov for Tripping.
15:37 of 1st period - Tomas Kopecky wins face-off versus Casey Cizikas in Predators zone.
15:42 of 1st period - Shot by Tomas Kopecky.
15:42 of 1st period - Stopped by Anton Khudobin without a rebound.
15:43 of 1st period - Casey Cizikas wins face-off versus Tomas Kopecky in Predators zone.
16:39 of 1st period - Icing by Justin Faulk.
16:40 of 1st period - Casey Cizikas wins face-off versus Anze Kopitar in Flames zone.
16:56 of 1st period - Anze Kopitar is hit by Casey Cizikas.
17:08 of 1st period - Shot by Jack Johnson.
17:08 of 1st period - Stopped by Anton Khudobin with a rebound.
17:26 of 1st period - Brandon Prust is hit by Anze Kopitar and loses puck.
17:34 of 1st period - Minor Penalty to Dustin Brown for Tripping.
17:35 of 1st period - Steven Stamkos wins face-off versus Kyle Clifford in Flames zone.
17:46 of 1st period - Shot by Roman Josi.
17:46 of 1st period - Stopped by Jonathan Quick without a rebound.
17:47 of 1st period - Nicklas Backstrom wins face-off versus Tomas Kopecky in Flames zone.
17:48 of 1st period - Shot by Steven Stamkos.
17:48 of 1st period - Stopped by Jonathan Quick without a rebound.
17:49 of 1st period - Nicklas Backstrom wins face-off versus Alex Tanguay in Flames zone.
17:53 of 1st period - Max Pacioretty is hit by Erik Johnson and loses puck.
18:20 of 1st period - Shot by Jaden Schwartz.
18:20 of 1st period - Shot Misses the Net.
19:18 of 1st period - Shot by Valtteri Filppula.
19:18 of 1st period - Shot Blocked by Justin Faulk.
19:20 of 1st period - Shot by Zach Bogosian.
19:20 of 1st period - Stopped by Jonathan Quick with a rebound.
19:47 of 1st period - Mike Cammalleri is hit by Cody Franson and loses puck.
19:52 of 1st period - Shot by Patrik Elias.
19:52 of 1st period - Stopped by Anton Khudobin without a rebound.
19:53 of 1st period - Patrik Elias wins face-off versus Nicklas Backstrom in Predators zone.
19:54 of 1st period - Shot by Mike Cammalleri.
19:54 of 1st period - Stopped by Anton Khudobin with a rebound.
19:56 of 1st period - Shot by Andrew MacDonald.
19:56 of 1st period - Shot Misses the Net.
19:58 of 1st period - Shot by Mike Cammalleri.
19:58 of 1st period - Shot Misses the Net.
Goals for this period are 2 for Flames vs 1 for Predators.
Shots for this period are 12 for Flames vs 14 for Predators.

2nd period


0:01 of 2nd period - Anze Kopitar wins face-off versus Nicklas Backstrom in neutral zone.
0:27 of 2nd period - Nicklas Backstrom is hit by Erik Johnson and loses puck.
0:39 of 2nd period - Jared Spurgeon is hit by Nicklas Backstrom and loses puck.
0:45 of 2nd period - Minor Penalty to Nicklas Backstrom for Roughing.
0:46 of 2nd period - Tomas Kopecky wins face-off versus Casey Cizikas in Predators zone.
1:48 of 2nd period - Shot by Erik Johnson.
1:48 of 2nd period - Goal by Erik Johnson - Flames : 3 - Predators : 1.
1:49 of 2nd period - Patrik Elias wins face-off versus Steven Stamkos in neutral zone.
2:10 of 2nd period - Shot by Max Pacioretty.
2:10 of 2nd period - Stopped by Jonathan Quick with a rebound.
2:12 of 2nd period - Shot by Zach Bogosian.
2:12 of 2nd period - Stopped by Jonathan Quick without a rebound.
2:13 of 2nd period - Anze Kopitar wins face-off versus Valtteri Filppula in Flames zone.
2:13 of 2nd period - Anze Kopitar is hit by Patrik Berglund.
2:25 of 2nd period - Shot by Anze Kopitar.
2:25 of 2nd period - Stopped by Anton Khudobin without a rebound.
2:26 of 2nd period - Nicklas Backstrom wins face-off versus Patrick Dwyer in Predators zone.
2:40 of 2nd period - Icing by Roman Josi.
2:41 of 2nd period - Nicklas Backstrom wins face-off versus Anze Kopitar in Predators zone.
2:46 of 2nd period - Shot by Max Pacioretty.
2:46 of 2nd period - Stopped by Jonathan Quick with a rebound.
2:58 of 2nd period - Shot by Anze Kopitar.
2:58 of 2nd period - Shot Misses the Net.
3:00 of 2nd period - Shot by Anze Kopitar.
3:00 of 2nd period - Stopped by Anton Khudobin without a rebound.
3:01 of 2nd period - Steven Stamkos wins face-off versus Patrik Elias in Predators zone.
3:16 of 2nd period - Shot by Patrik Elias.
3:16 of 2nd period - Deflect By Mike Cammalleri.
3:16 of 2nd period - Shot Hit the Post.
3:18 of 2nd period - Shot by Mike Cammalleri.
3:18 of 2nd period - Shot Misses the Net.
3:42 of 2nd period - Shot by Patrik Elias.
3:42 of 2nd period - Stopped by Anton Khudobin without a rebound.
3:43 of 2nd period - Anze Kopitar wins face-off versus Valtteri Filppula in Predators zone.
4:11 of 2nd period - Valtteri Filppula is hit by Erik Johnson and loses puck.
4:24 of 2nd period - Shot by Anze Kopitar.
4:24 of 2nd period - Stopped by Anton Khudobin with a rebound.
4:48 of 2nd period - Shot by Mike Cammalleri.
4:48 of 2nd period - Stopped by Anton Khudobin with a rebound.
4:50 of 2nd period - Shot by Andrew MacDonald.
4:50 of 2nd period - Shot Blocked by Roman Josi.
4:52 of 2nd period - Shot by Andrew MacDonald.
4:52 of 2nd period - Shot Misses the Net.
5:00 of 2nd period - Shot by Mike Cammalleri.
5:00 of 2nd period - Shot Misses the Net.
5:04 of 2nd period - Shot by Mike Cammalleri.
5:04 of 2nd period - Stopped by Anton Khudobin without a rebound.
5:05 of 2nd period - Anze Kopitar wins face-off versus Nicklas Backstrom in Predators zone.
5:05 of 2nd period - Anze Kopitar is hit by Jordie Benn.
6:17 of 2nd period - Shot by Dustin Brown.
6:17 of 2nd period - Shot Misses the Net.
6:32 of 2nd period - Shot by Valtteri Filppula.
6:32 of 2nd period - Shot Blocked by Jared Spurgeon.
6:52 of 2nd period - Brandon Prust is hit by Dustin Brown and loses puck.
7:03 of 2nd period - Shot by Zach Bogosian.
7:03 of 2nd period - Shot Blocked by Erik Johnson.
7:05 of 2nd period - Shot by Justin Abdelkader.
7:05 of 2nd period - Shot Misses the Net.
7:07 of 2nd period - Shot by Nikita Zadorov.
7:07 of 2nd period - Deflect By Justin Abdelkader.
7:07 of 2nd period - Stopped by Jonathan Quick without a rebound.
7:08 of 2nd period - Nicklas Backstrom wins face-off versus Tomas Kopecky in Flames zone.
7:17 of 2nd period - Shot by Max Pacioretty.
7:17 of 2nd period - Shot Misses the Net.
7:23 of 2nd period - Shot by Max Pacioretty.
7:23 of 2nd period - Shot Misses the Net.
7:25 of 2nd period - Shot by Nicklas Backstrom.
7:25 of 2nd period - Goal by Nicklas Backstrom - Flames : 3 - Predators : 2.
7:26 of 2nd period - Casey Cizikas wins face-off versus Anze Kopitar in neutral zone.
7:50 of 2nd period - Shot by Brandon Prust.
7:50 of 2nd period - Shot Blocked by Jack Johnson.
8:36 of 2nd period - Icing by Max Pacioretty.
8:37 of 2nd period - Steven Stamkos wins face-off versus Patrick Dwyer in Predators zone.
8:37 of 2nd period - Steven Stamkos is hit by Ryan Kesler.
8:51 of 2nd period - Shot by Erik Johnson.
8:51 of 2nd period - Shot Misses the Net.
9:00 of 2nd period - Ryan Kesler is hit by Cody Franson and loses puck.
9:15 of 2nd period - Shot by Artem Anisimov.
9:15 of 2nd period - Shot Blocked by Jared Spurgeon.
9:52 of 2nd period - Derick Brassard is hit by Jared Spurgeon and loses puck.
10:28 of 2nd period - Nikita Zadorov is hit by Jared Spurgeon.
10:29 of 2nd period - Minor Penalty to Erik Johnson for High sticking.
10:30 of 2nd period - Max Pacioretty wins face-off versus Kyle Clifford in Flames zone.
10:39 of 2nd period - Shot by Max Pacioretty.
10:39 of 2nd period - Shot Blocked by Anze Kopitar.
10:52 of 2nd period - Off-side.
10:53 of 2nd period - Artem Anisimov wins face-off versus Kyle Clifford in neutral zone.
11:27 of 2nd period - Icing by Anton Stralman.
11:28 of 2nd period - Valtteri Filppula wins face-off versus Ryan Kesler in Predators zone.
12:28 of 2nd period - Shot by Roman Josi.
12:28 of 2nd period - Stopped by Jonathan Quick without a rebound.
12:29 of 2nd period - Patrik Elias wins face-off versus Casey Cizikas in Flames zone.
12:43 of 2nd period - Shot by Justin Abdelkader.
12:43 of 2nd period - Shot Misses the Net.
12:49 of 2nd period - Shot by Nikita Zadorov.
12:49 of 2nd period - Stopped by Jonathan Quick without a rebound.
12:50 of 2nd period - Max Pacioretty wins face-off versus Patrik Elias in Flames zone.
12:53 of 2nd period - Shot by Steven Stamkos.
12:53 of 2nd period - Shot Misses the Net.
12:55 of 2nd period - Shot by Cody Franson.
12:55 of 2nd period - Shot Blocked by Andrew MacDonald.
12:57 of 2nd period - Shot by Roman Josi.
12:57 of 2nd period - Shot Misses the Net.
12:59 of 2nd period - Shot by Artem Anisimov.
12:59 of 2nd period - Shot Misses the Net.
13:01 of 2nd period - Shot by Artem Anisimov.
13:01 of 2nd period - Stopped by Jonathan Quick without a rebound.
13:02 of 2nd period - Valtteri Filppula wins face-off versus Anze Kopitar in Flames zone.
13:07 of 2nd period - Shot by Derick Brassard.
13:07 of 2nd period - Stopped by Jonathan Quick without a rebound.
13:08 of 2nd period - Patrik Elias wins face-off versus Nicklas Backstrom in Flames zone.
13:28 of 2nd period - Jaden Schwartz is hit by Jared Spurgeon.
13:42 of 2nd period - Shot by Jaden Schwartz.
13:42 of 2nd period - Shot Misses the Net.
13:43 of 2nd period - Minor Penalty to Erik Johnson for Hooking.
13:44 of 2nd period - Valtteri Filppula wins face-off versus Alex Tanguay in Flames zone.
14:17 of 2nd period - Shot by Roman Josi.
14:17 of 2nd period - Shot Misses the Net.
14:19 of 2nd period - Shot by Artem Anisimov.
14:19 of 2nd period - Shot Misses the Net.
14:21 of 2nd period - Shot by Roman Josi.
14:21 of 2nd period - Shot Blocked by Alex Tanguay.
15:35 of 2nd period - Shot by Roman Josi.
15:35 of 2nd period - Shot Misses the Net.
15:37 of 2nd period - Shot by Steven Stamkos.
15:37 of 2nd period - Stopped by Jonathan Quick with a rebound.
15:39 of 2nd period - Shot by Steven Stamkos.
15:39 of 2nd period - Stopped by Jonathan Quick without a rebound.
15:40 of 2nd period - Valtteri Filppula wins face-off versus Alex Tanguay in Flames zone.
16:55 of 2nd period - Shot by Steven Stamkos.
16:55 of 2nd period - Stopped by Jonathan Quick without a rebound.
16:56 of 2nd period - Valtteri Filppula wins face-off versus Patrick Dwyer in Flames zone.
17:27 of 2nd period - Shot by Patrik Berglund.
17:27 of 2nd period - Shot Misses the Net.
17:29 of 2nd period - Shot by Valtteri Filppula.
17:29 of 2nd period - Shot Misses the Net.
17:53 of 2nd period - Shot by Max Pacioretty.
17:53 of 2nd period - Shot Blocked by Erik Johnson.
18:19 of 2nd period - Shot by Max Pacioretty.
18:19 of 2nd period - Stopped by Jonathan Quick without a rebound.
18:20 of 2nd period - Steven Stamkos wins face-off versus Patrik Elias in Flames zone.
18:26 of 2nd period - Off-side.
18:27 of 2nd period - Steven Stamkos wins face-off versus Patrik Elias in neutral zone.
18:54 of 2nd period - Shot by Artem Anisimov.
18:54 of 2nd period - Stopped by Jonathan Quick with a rebound.
19:10 of 2nd period - Shot by Mike Cammalleri.
19:10 of 2nd period - Shot Misses the Net.
19:12 of 2nd period - Shot by Mike Cammalleri.
19:12 of 2nd period - Stopped by Anton Khudobin without a rebound.
19:13 of 2nd period - Anze Kopitar wins face-off versus Valtteri Filppula in Predators zone.
19:15 of 2nd period - Ryan Kesler is hit by Zach Bogosian and loses puck.
19:27 of 2nd period - Icing by Nikita Zadorov.
19:28 of 2nd period - Anze Kopitar wins face-off versus Valtteri Filppula in Predators zone.
19:39 of 2nd period - Shot by Anze Kopitar.
19:39 of 2nd period - Deflect By Alex Tanguay.
19:39 of 2nd period - Shot Misses the Net.
19:41 of 2nd period - Shot by Erik Johnson.
19:41 of 2nd period - Shot Misses the Net.
19:52 of 2nd period - Off-side.
19:53 of 2nd period - Steven Stamkos wins face-off versus Patrik Elias in neutral zone.
19:57 of 2nd period - Max Pacioretty is hit by Jack Johnson and loses puck.
Goals for this period are 1 for Flames vs 1 for Predators.
Shots for this period are 8 for Flames vs 14 for Predators.

3rd period


0:01 of 3rd period - Nicklas Backstrom wins face-off versus Anze Kopitar in neutral zone.
0:34 of 3rd period - Shot by Nicklas Backstrom.
0:34 of 3rd period - Shot Misses the Net.
1:14 of 3rd period - Shot by Steven Stamkos.
1:14 of 3rd period - Shot Misses the Net.
1:16 of 3rd period - Shot by Artem Anisimov.
1:16 of 3rd period - Goal by Artem Anisimov - Flames : 3 - Predators : 3.
1:17 of 3rd period - Patrik Elias wins face-off versus Casey Cizikas in neutral zone.
1:51 of 3rd period - Shot by Mike Cammalleri.
1:51 of 3rd period - Shot Blocked by Zach Bogosian.
2:40 of 3rd period - Off-side.
2:41 of 3rd period - Valtteri Filppula wins face-off versus Patrick Dwyer in neutral zone.
3:09 of 3rd period - Icing by Anton Stralman.
3:10 of 3rd period - Patrik Elias wins face-off versus Valtteri Filppula in Predators zone.
3:11 of 3rd period - Shot by Mike Cammalleri.
3:11 of 3rd period - Deflect By Patrik Elias.
3:11 of 3rd period - Shot Misses the Net.
3:17 of 3rd period - Shot by Patrik Elias.
3:17 of 3rd period - Stopped by Anton Khudobin with a rebound.
3:21 of 3rd period - Shot by Dustin Brown.
3:21 of 3rd period - Deflect By Mike Cammalleri.
3:21 of 3rd period - Goal by Mike Cammalleri - Flames : 4 - Predators : 3.
3:22 of 3rd period - Nicklas Backstrom wins face-off versus Patrik Elias in neutral zone.
3:29 of 3rd period - Shot by Max Pacioretty.
3:29 of 3rd period - Stopped by Jonathan Quick without a rebound.
3:30 of 3rd period - Anze Kopitar wins face-off versus Nicklas Backstrom in Flames zone.
4:01 of 3rd period - Icing by Roman Josi.
4:02 of 3rd period - Nicklas Backstrom wins face-off versus Patrik Elias in Predators zone.
4:16 of 3rd period - Off-side.
4:17 of 3rd period - Steven Stamkos wins face-off versus Anze Kopitar in neutral zone.
4:19 of 3rd period - Valtteri Filppula is hit by Ladislav Smid and loses puck.
4:25 of 3rd period - Steven Stamkos is hit by Andrew MacDonald and loses puck.
4:36 of 3rd period - Kyle Clifford is hit by Valtteri Filppula.
4:43 of 3rd period - Major / Game Misconduct Penalty to Ladislav Smid for Unsportsmanlike conduct.
4:43 of 3rd period - Ladislav Smid is ejected from game.
4:44 of 3rd period - Nicklas Backstrom wins face-off versus Alex Tanguay in Flames zone.
4:45 of 3rd period - Shot by Steven Stamkos.
4:45 of 3rd period - Shot Misses the Net.
4:58 of 3rd period - Shot by Nicklas Backstrom.
4:58 of 3rd period - Stopped by Jonathan Quick without a rebound.
4:59 of 3rd period - Valtteri Filppula wins face-off versus Tomas Kopecky in Flames zone.
5:14 of 3rd period - Shot by Anton Stralman.
5:14 of 3rd period - Stopped by Jonathan Quick with a rebound.
5:16 of 3rd period - Shot by Artem Anisimov.
5:16 of 3rd period - Shot Misses the Net.
5:18 of 3rd period - Shot by Zach Bogosian.
5:18 of 3rd period - Shot Misses the Net.
5:29 of 3rd period - Shot by Max Pacioretty.
5:29 of 3rd period - Shot Misses the Net.
5:33 of 3rd period - Shot by Artem Anisimov.
5:33 of 3rd period - Goal by Artem Anisimov - Flames : 4 - Predators : 4.
5:34 of 3rd period - Alex Tanguay wins face-off versus Nicklas Backstrom in neutral zone.
5:40 of 3rd period - Icing by Roman Josi.
5:41 of 3rd period - Nicklas Backstrom wins face-off versus Alex Tanguay in Predators zone.
6:39 of 3rd period - Artem Anisimov is hit by Anze Kopitar and loses puck.
6:43 of 3rd period - Icing by Valtteri Filppula.
6:44 of 3rd period - Valtteri Filppula wins face-off versus Alex Tanguay in Predators zone.
6:54 of 3rd period - Icing by Zach Bogosian.
6:55 of 3rd period - Valtteri Filppula wins face-off versus Tomas Kopecky in Predators zone.
7:15 of 3rd period - Shot by Anton Stralman.
7:15 of 3rd period - Stopped by Jonathan Quick with a rebound.
7:17 of 3rd period - Shot by Valtteri Filppula.
7:17 of 3rd period - Shot Misses the Net.
7:19 of 3rd period - Shot by Derick Brassard.
7:19 of 3rd period - Shot Misses the Net.
7:21 of 3rd period - Shot by Anton Stralman.
7:21 of 3rd period - Shot Misses the Net.
7:23 of 3rd period - Shot by Artem Anisimov.
7:23 of 3rd period - Shot Misses the Net.
7:55 of 3rd period - Shot by Roman Josi.
7:55 of 3rd period - Stopped by Jonathan Quick without a rebound.
7:56 of 3rd period - Tomas Kopecky wins face-off versus Nicklas Backstrom in Flames zone.
8:14 of 3rd period - Shot by Steven Stamkos.
8:14 of 3rd period - Deflect By Jaden Schwartz.
8:14 of 3rd period - Stopped by Jonathan Quick without a rebound.
8:15 of 3rd period - Valtteri Filppula wins face-off versus Alex Tanguay in Flames zone.
8:20 of 3rd period - Shot by Artem Anisimov.
8:20 of 3rd period - Stopped by Jonathan Quick without a rebound.
8:21 of 3rd period - Artem Anisimov wins face-off versus Alex Tanguay in Flames zone.
9:42 of 3rd period - Shot by Jaden Schwartz.
9:42 of 3rd period - Stopped by Jonathan Quick without a rebound.
9:43 of 3rd period - Valtteri Filppula wins face-off versus Patrik Elias in Flames zone.
10:05 of 3rd period - Patrik Elias is hit by Nikita Zadorov and loses puck.
10:20 of 3rd period - Shot by Patrik Elias.
10:20 of 3rd period - Stopped by Anton Khudobin with a rebound.
10:31 of 3rd period - Valtteri Filppula is hit by Jack Johnson and loses puck.
10:58 of 3rd period - Shot by Max Pacioretty.
10:58 of 3rd period - Stopped by Jonathan Quick without a rebound.
10:59 of 3rd period - Casey Cizikas wins face-off versus Anze Kopitar in Flames zone.
11:27 of 3rd period - Shot by Justin Abdelkader.
11:27 of 3rd period - Stopped by Jonathan Quick with a rebound.
11:33 of 3rd period - Shot by Anze Kopitar.
11:33 of 3rd period - Shot Misses the Net.
12:08 of 3rd period - Icing by Jordie Benn.
12:09 of 3rd period - Patrik Elias wins face-off versus Casey Cizikas in Predators zone.
12:19 of 3rd period - Minor Penalty to Casey Cizikas for Boarding.
12:20 of 3rd period - Valtteri Filppula wins face-off versus Anze Kopitar in Predators zone.
12:20 of 3rd period - Valtteri Filppula is hit by Anze Kopitar.
12:30 of 3rd period - Valtteri Filppula is hit by Alex Tanguay and loses puck.
12:52 of 3rd period - Icing by Jack Johnson.
12:53 of 3rd period - Anze Kopitar wins face-off versus Valtteri Filppula in Flames zone.
14:41 of 3rd period - Steven Stamkos is hit by Andrew MacDonald and loses puck.
14:44 of 3rd period - Shot by Artem Anisimov.
14:44 of 3rd period - Stopped by Jonathan Quick without a rebound.
14:45 of 3rd period - Anze Kopitar wins face-off versus Valtteri Filppula in Flames zone.
15:12 of 3rd period - Shot by Ryan Kesler.
15:12 of 3rd period - Shot Blocked by Jordie Benn.
15:45 of 3rd period - Shot by Erik Johnson.
15:45 of 3rd period - Stopped by Anton Khudobin without a rebound.
15:46 of 3rd period - Patrik Elias wins face-off versus Max Pacioretty in Predators zone.
16:03 of 3rd period - Shot by Patrik Elias.
16:03 of 3rd period - Deflect By Mike Cammalleri.
16:03 of 3rd period - Stopped by Anton Khudobin with a rebound.
16:14 of 3rd period - Mike Cammalleri is hit by Cody Franson and loses puck.
17:00 of 3rd period - Shot by Alex Tanguay.
17:00 of 3rd period - Shot Misses the Net.
17:14 of 3rd period - Anze Kopitar is hit by Justin Abdelkader and loses puck.
18:09 of 3rd period - Shot by Valtteri Filppula.
18:09 of 3rd period - Stopped by Jonathan Quick without a rebound.
18:10 of 3rd period - Nicklas Backstrom wins face-off versus Tomas Kopecky in Flames zone.
18:21 of 3rd period - Shot by Max Pacioretty.
18:21 of 3rd period - Shot Misses the Net.
18:33 of 3rd period - Shot by Ryan Kesler.
18:33 of 3rd period - Stopped by Anton Khudobin without a rebound.
18:34 of 3rd period - Patrik Elias wins face-off versus Steven Stamkos in Predators zone.
18:40 of 3rd period - Patrik Elias is hit by Jordie Benn and loses puck.
18:43 of 3rd period - Shot by Mike Cammalleri.
18:43 of 3rd period - Deflect By Patrik Elias.
18:43 of 3rd period - Shot Misses the Net.
18:45 of 3rd period - Shot by Mike Cammalleri.
18:45 of 3rd period - Shot Misses the Net.
19:15 of 3rd period - Shot by Jack Johnson.
19:15 of 3rd period - Stopped by Anton Khudobin without a rebound.
19:16 of 3rd period - Anze Kopitar wins face-off versus Valtteri Filppula in Predators zone.
19:50 of 3rd period - Jared Spurgeon is hit by Derick Brassard and loses puck.
Goals for this period are 1 for Flames vs 2 for Predators.
Shots for this period are 7 for Flames vs 14 for Predators.

Overtime #1


0:01 of 1st overtime period - Alex Tanguay wins face-off versus Steven Stamkos in neutral zone.
0:17 of 1st overtime period - Shot by Max Pacioretty.
0:17 of 1st overtime period - Shot Blocked by Jack Johnson.
1:39 of 1st overtime period - Shot by Erik Johnson.
1:39 of 1st overtime period - Stopped by Anton Khudobin without a rebound.
1:40 of 1st overtime period - Kyle Clifford wins face-off versus Steven Stamkos in Predators zone.
1:53 of 1st overtime period - Shot by Tomas Kopecky.
1:53 of 1st overtime period - Shot Blocked by Cody Franson.
1:55 of 1st overtime period - Shot by Erik Johnson.
1:55 of 1st overtime period - Shot Misses the Net.
1:57 of 1st overtime period - Shot by Tomas Kopecky.
1:57 of 1st overtime period - Shot Misses the Net.
3:55 of 1st overtime period - Justin Faulk is hit by Zach Bogosian and loses puck.
Goals for this period are 0 for Flames vs 0 for Predators.
Shots for this period are 1 for Flames vs 0 for Predators.

ShootOut


5:00 of 1st overtime period - Penalty Shot by Tomas Kopecky for Flames.
5:00 of 1st overtime period - Shot Misses the Net.
5:00 of 1st overtime period - Penalty Shot by Valtteri Filppula for Predators.
5:00 of 1st overtime period - Stopped by Jonathan Quick.
5:00 of 1st overtime period - Penalty Shot by Kyle Clifford for Flames.
5:00 of 1st overtime period - Shot Misses the Net.
5:00 of 1st overtime period - Penalty Shot by Max Pacioretty for Predators.
5:00 of 1st overtime period - Stopped by Jonathan Quick.
5:00 of 1st overtime period - Penalty Shot by Patrick Dwyer for Flames.
5:00 of 1st overtime period - Stopped by Anton Khudobin.
5:00 of 1st overtime period - Penalty Shot by Nicklas Backstrom for Predators.
5:00 of 1st overtime period - Goal by Nicklas Backstrom.


Output by the SimonT Hockey Simulator (STHS) for Stephane Roy -- Original Page W3C XHTML 1.0 Valid
Hockey Simulator - Hockey Simulation - Hockey Manager